 Dungeon Crawl Stone Soup version 0.31-a0-177-g4aa6249778 (webtiles) character file.

Game seed: 1692123901231394465

3950 qw the Protected (level 10, -6/60 HPs)
             Began as a Gargoyle Fighter on June 18, 2023.
             Was an Initiate of Okawaru.
             Mangled by a wight
             ... wielding a +3 halberd
              (8 damage)
             ... on level 8 of the Dungeon.
             The game lasted 00:03:19 (7229 turns).

qw the Protected (Gargoyle Fighter)                 Turns: 7229, Time: 00:03:20

Health: -6/60      AC: 29    Str: 24    XL:     10   Next: 21%
Magic:  10/10      EV:  7    Int:  9    God:    Okawaru [......]
Gold:   307        SH:  4    Dex:  9    Spells: 9/9 levels left

rFire   . . .        Y - +2 war axe (flame)
rCold   . . .        c - +0 buckler
rNeg    + . .        n - +0 plate armour
rPois   inf          p - +0 helmet
rElec   +            a - +0 cloak
rCorr   +            (no gloves)
SInv    .            i - +1 pair of boots
Will    .....        r - amulet of faith Stlth
                     t - ring of resist corrosion
HPRegen 0.30/turn    (no ring)
MPRegen 0.12/turn

%: faith
@: no status effects
A: sickness immunity, AC +7, negative energy resistance 1, electricity
resistance, torment resistance 1, petrification resistance
a: Renounce Religion


You were on level 8 of the Dungeon.
You worshipped Okawaru.
Okawaru was noncommittal.
You visited 2 branches of the dungeon, and saw 10 of its levels.

You collected 307 gold pieces.


Innate Abilities, Weirdness & Mutations

You are immune to sickness and miasma.
Your stone body is resilient. (AC +7)
You are immune to poison.
You resist negative energy. (rN+)
You are resistant to electric shocks. (rElec)
You are resistant to unholy torment.
You are immune to petrification.


   Skills:
 - Level 6.0 Fighting
 - Level 9.1 Axes
 + Level 2.0 Throwing
 - Level 13.7 Armour
 - Level 1.2 Dodging
 - Level 3.2 Shields


You had 9 spell levels left.
You didn't know any spells.
Your spell library was empty.

Inventory:

Hand Weapons
 Y - a +2 war axe of flaming (weapon)
Missiles
 j - 7 boomerangs
 l - 2 javelins
 o - 2 silver javelins (quivered)
Armour
 a - a +0 cloak (worn)
 c - a +0 buckler (worn)
 i - a +1 pair of boots (worn)
 n - a +0 plate armour (worn)
 p - a +0 helmet (worn)
Jewellery
 r - an amulet of faith (around neck)
 t - a ring of resist corrosion (left hand)
Scrolls
 g - a scroll of identify
Potions
 d - 3 potions of might
 e - a potion of magic
 f - a potion of attraction
 h - a potion of brilliance {unknown}
 k - a potion of cancellation
 m - a potion of lignification {unknown}
 s - a potion of berserk rage {unknown}
 u - a potion of mutation {unknown}
 v - 2 potions of enlightenment

Dungeon Overview and Level Annotations

Branches:
Dungeon (9/15)             Temple (1/1) D:7            Lair (0/5) D:8
    Orc: D:9-12

Altars:
Cheibriados
Dithmenos
Elyvilon
Gozag
Hepliaklqana
Kikubaaqudgha
Makhleb
Nemelex Xobeh
Okawaru
Qazlal
Ru
Sif Muna
Uskayaw
Vehumet
Zin

Shops:
D:4 =

Annotations:
D:7 1 runed translucent door


Message History

The water moccasin bites you but does no damage.
The yak gores you but does no damage.
The wight hits you from afar with a +1 trident of freezing.
The wight freezes you.
The wight hits you with a +1 morningstar of protection.
The basilisk bites you but does no damage.
You closely miss the water moccasin.
The water moccasin is almost dead.
You slash the yak! You burn the yak. You closely miss the basilisk.
You hit the wight. You burn the wight. The water moccasin barely misses you.
The yak gores you.
The wight hits you but does no damage. x2
The basilisk gazes at you. You resist with some effort.
The water moccasin bites you.
You slash the water moccasin! You burn the water moccasin.
You kill the water moccasin!
Okawaru accepts your kill.
You closely miss the basilisk. You hit the wight but do no damage.
You hit the yak but do no damage. The yak gores you.
The wight hits you but does no damage. You block the wight's attack.
The basilisk closely misses you.
Your Axes skill increases to level 9!
The wyvern hisses angrily.
You slash the yak! You burn the yak.
The yak is severely wounded.
You hit the basilisk but do no damage. You barely miss the wight.
You slash the yak! You burn the yak. The yak gores you.
The wight hits you but does no damage. The yak gores you but does no damage.
The basilisk bites you!
The wight hits you with a +1 morningstar of protection!
A water moccasin comes into view.
The wyvern hisses angrily.
The water moccasin hisses angrily.
You slash the yak! You burn the yak.
You kill the yak!
Okawaru accepts your kill.
You slash the yak! You burn the yak. You closely miss the basilisk.
You closely miss the wight. You block the wight's attack.
The wight hits you from afar with a +3 halberd!
You die...

..>... .. #.
........7.... #.
7..........S # #.
...........#.# #.
......l!.l.#.# ##
............. #.
.P.P.zz.%#.########
###.
......z#l..##.....#
#...
#.Y@zz.##.###.###.##
#########.#.......#
#.#/#.###.## #.....#
#... ###.#####.##
#......#...
#....(..#..
#....#..#..
#.#.....#..


You could see a yak, a basilisk, a water moccasin, 2 wyverns and 5 wights.

Vanquished Creatures
  A wyvern (D:8)
  2 yaks (D:8)
  Edmund (D:4)
  4 water moccasins
  An ice beast (D:5)
  An ogre (D:6)
  A centaur (D:7)
  A phantom (D:5)
  3 scorpions
  6 killer bees (D:7)
  5 howler monkeys
  5 orc priests
  7 hounds
  Jessica (D:3)
  5 iguanas
  A sleepcap (D:6)
  Ijyb (D:4)
  3 orc wizards (D:6)
  Terence (D:2)
  Robin (D:3)
  4 adders
  A white imp (D:5)
  An ufetubus (D:5)
  A worm (D:5)
  4 dart slugs
  19 orcs
  5 endoplasms
  4 giant cockroaches
  22 goblins
  10 hobgoblins
  10 kobolds
  8 quokkas
  9 ball pythons
  8 bats
  4 frilled lizards
  9 rats
170 creatures vanquished.

Notes
Turn   | Place    | Note
-------+----------+-------------------------------------------
     0 | D:1      | qw the Gargoyle Fighter began the quest for the Orb.
     0 | D:1      | Reached XP level 1. HP: 14/14 MP: 1/1
     0 | D:1      | 0 ||| qw: Version: 0.3-a-5-g6f28e65
     0 | D:1      | 0 ||| qw: Game counter: 583
     0 | D:1      | 0 ||| qw: Always use a shield: true
     0 | D:1      | 0 ||| qw: God list: Okawaru
     0 | D:1      | 0 ||| qw: Allow faded altars: false
     0 | D:1      | 0 ||| qw: Do Orc after D:15 true
     0 | D:1      | 0 ||| qw: Do second Lair branch before Depths: true
     0 | D:1      | 0 ||| qw: Lair rune preference: random
     0 | D:1      | 0 ||| qw: Plans: Normal, Zot:1-4, Slime:5, God:TSO, Crypt,
                  | Tomb, Abyss, Pan, Hells, Win
     0 | D:1      | 0 ||| PLANNING D:1-11
   223 | D:1      | Reached XP level 2. HP: 19/19 MP: 2/2
   525 | D:1      | Reached skill level 3 in Axes
   533 | D:1      | 533 ||| Stepping ~*~*~tactically~*~*~ (stealth).
   545 | D:1      | Reached XP level 3. HP: 19/23 MP: 3/3
   793 | D:1      | 793 ||| Stepping ~*~*~tactically~*~*~ (hiding).
   924 | D:1      | 924 ||| DROPPING orb of mayhem.
   925 | D:1      | 925 ||| DROPPING ring of wizardry.
   926 | D:1      | 926 ||| READING scroll labelled ARAOMI KE LEAMAVAG.
   927 | D:1      | 927 ||| READING scroll labelled GOSUON LUPEUD.
  1028 | D:1      | 1028 ||| READING scroll labelled POIGGI RAEMI.
  1071 | D:2      | Noticed Terence
  1080 | D:2      | HP: 1/23 [Terence/+2 hand axe of electrocution (5)]
  1089 | D:2      | Killed Terence
  1184 | D:2      | Reached XP level 4. HP: 28/28 MP: 4/4
  1267 | D:2      | 1267 ||| DROPPING +0 club.
  1423 | D:2      | 1423 ||| Stepping ~*~*~tactically~*~*~ (hiding).
  1875 | D:2      | 1875 ||| UPGRADING to +0 scale mail of fire resistance.
  1885 | D:2      | 1885 ||| DROPPING +0 scale mail.
  1886 | D:2      | 1886 ||| UPGRADING to +0 plate armour.
  1896 | D:2      | 1896 ||| DROPPING +0 scale mail of fire resistance.
  1897 | D:2      | 1897 ||| READING scroll labelled DUAFUC NIPHAM.
  1900 | D:2      | 1900 ||| READING scroll labelled UZEQOTHIESK.
  1901 | D:2      | 1901 ||| READING scroll labelled XIRIAM KUDI.
  1902 | D:2      | 1902 ||| READING scroll labelled WOAGOPN WOITH.
  1903 | D:2      | 1903 ||| DRINKING 2 dark potions.
  1946 | D:3      | Reached skill level 1 in Throwing
  2030 | D:3      | 2030 ||| READING scroll of enchant weapon.
  2030 | D:3      | 2030 ||| ENCHANTING +1 war axe.
  2155 | D:3      | 2155 ||| Stepping ~*~*~tactically~*~*~ (hiding).
  2163 | D:3      | Noticed Robin
  2165 | D:3      | 2165 ||| Stepping ~*~*~tactically~*~*~ (hiding).
  2178 | D:3      | Killed Robin
  2179 | D:3      | Reached XP level 5. HP: 24/32 MP: 5/5
  2181 | D:3      | 2181 ||| FLEEEEING.
  2182 | D:3      | 2182 ||| FLEEEEING.
  2183 | D:3      | 2183 ||| FLEEEEING.
  2184 | D:3      | 2184 ||| FLEEEEING.
  2185 | D:3      | 2185 ||| FLEEEEING.
  2186 | D:3      | 2186 ||| FLEEEEING.
  2188 | D:3      | 2188 ||| FLEEEEING.
  2189 | D:3      | 2189 ||| FLEEEEING.
  2190 | D:3      | 2190 ||| FLEEEEING.
  2191 | D:3      | 2191 ||| FLEEEEING.
  2192 | D:3      | 2192 ||| FLEEEEING.
  2193 | D:3      | 2193 ||| FLEEEEING.
  2194 | D:3      | 2194 ||| FLEEEEING.
  2195 | D:3      | 2195 ||| FLEEEEING.
  2381 | D:3      | Noticed Jessica
  2388 | D:3      | Killed Jessica
  2458 | D:3      | 2458 ||| DROPPING +2 whip of venom.
  2459 | D:3      | 2459 ||| DROPPING +1 whip of flaming.
  2477 | D:3      | 2477 ||| DROPPING +0 mace.
  2626 | D:3      | 2626 ||| Stepping ~*~*~tactically~*~*~ (stealth).
  2683 | D:3      | 2683 ||| UPGRADING to +0 cloak.
  2688 | D:3      | 2688 ||| UPGRADING to +0 helmet.
  2693 | D:3      | 2693 ||| DROPPING amulet of magic regeneration.
  2694 | D:3      | 2694 ||| READING scroll labelled GEINECR VEDUR.
  2695 | D:3      | 2695 ||| READING scroll labelled ZIATEOSHRUI.
  2696 | D:3      | 2696 ||| DRINKING 2 fizzy dark potions.
  2765 | D:4      | 2765 ||| Stepping ~*~*~tactically~*~*~ (stealth).
  2777 | D:4      | Noticed Ijyb
  2778 | D:4      | 2778 ||| Stepping ~*~*~tactically~*~*~ (hiding).
  2779 | D:4      | 2779 ||| Stepping ~*~*~tactically~*~*~ (hiding).
  2780 | D:4      | 2780 ||| Stepping ~*~*~tactically~*~*~ (hiding).
  2797 | D:4      | HP: 7/32 [Ijyb/+0 dagger (2)]
  2798 | D:4      | 2798 ||| DRINKING potion of heal wounds.
  2800 | D:4      | Killed Ijyb
  2801 | D:4      | Reached XP level 6. HP: 38/38 MP: 6/6
  2892 | D:4      | Noticed Edmund
  2894 | D:4      | 2894 ||| Stepping ~*~*~tactically~*~*~ (stealth).
  2907 | D:4      | Killed Edmund
  3002 | D:4      | 3002 ||| DROPPING +0 flail.
  3021 | D:4      | 3021 ||| Stepping ~*~*~tactically~*~*~ (stealth).
  3024 | D:4      | 3024 ||| Stepping ~*~*~tactically~*~*~ (hiding).
  3039 | D:4      | Reached skill level 6 in Axes
  3067 | D:4      | Reached XP level 7. HP: 39/43 MP: 7/7
  3125 | D:4      | 3125 ||| Stepping ~*~*~tactically~*~*~ (stealth).
  3131 | D:4      | 3131 ||| Stepping ~*~*~tactically~*~*~ (stealth).
  3143 | D:4      | 3143 ||| Stepping ~*~*~tactically~*~*~ (stealth).
  3144 | D:4      | 3144 ||| Stepping ~*~*~tactically~*~*~ (stealth).
  3147 | D:4      | 3147 ||| Stepping ~*~*~tactically~*~*~ (stealth).
  3257 | D:4      | 3257 ||| Stepping ~*~*~tactically~*~*~ (hiding).
  3270 | D:4      | Reached skill level 4 in Armour
  3349 | D:4      | 3349 ||| DROPPING +1 heavy flail.
  3361 | D:4      | 3361 ||| Stepping ~*~*~tactically~*~*~ (stealth).
  3376 | D:4      | 3376 ||| Stepping ~*~*~tactically~*~*~ (stealth).
  3388 | D:4      | Found Luciukom's Jewellery Boutique.
  3400 | D:4      | 3400 ||| SHOPLISTING +4 ring of protection (360 gold, have
                  | 195).
  3400 | D:4      | 3400 ||| SHOPLISTING amulet of reflection (300 gold, have
                  | 195).
  3400 | D:4      | 3400 ||| SHOPLISTING ring of fire (250 gold, have 195).
  3400 | D:4      | 3400 ||| SHOPLISTING ring of ice (250 gold, have 195).
  3400 | D:4      | 3400 ||| SHOPLISTING ring of positive energy (200 gold,
                  | have 195).
  3400 | D:4      | 3400 ||| SHOPLISTING ring of protection from fire (250
                  | gold, have 195).
  3400 | D:4      | 3400 ||| SHOPLISTING ring of resist corrosion (200 gold,
                  | have 195).
  3400 | D:4      | 3400 ||| SHOPLISTING ring of willpower (250 gold, have
                  | 195).
  3521 | D:4      | 3521 ||| READING scroll labelled POXTAE KEBAQU.
  3522 | D:4      | 3522 ||| READING scroll labelled UGYLEO EDUEBUJ.
  3523 | D:4      | 3523 ||| DROPPING +0 morningstar.
  3524 | D:4      | 3524 ||| DRINKING 2 lumpy green potions.
  3562 | D:5      | Entered Level 5 of the Dungeon
  3622 | D:5      | Found a shadowy altar of Dithmenos.
  3686 | D:5      | 3686 ||| Stepping ~*~*~tactically~*~*~ (stealth).
  3691 | D:5      | 3691 ||| Stepping ~*~*~tactically~*~*~ (stealth).
  3723 | D:5      | 3723 ||| Stepping ~*~*~tactically~*~*~ (stealth).
  3724 | D:5      | 3724 ||| Stepping ~*~*~tactically~*~*~ (stealth).
  3726 | D:5      | 3726 ||| Stepping ~*~*~tactically~*~*~ (stealth).
  4208 | D:5      | 4208 ||| Stepping ~*~*~tactically~*~*~ (hiding).
  4225 | D:5      | Reached XP level 8. HP: 41/48 MP: 8/8
  4435 | D:5      | 4435 ||| Stepping ~*~*~tactically~*~*~ (stealth).
  4466 | D:5      | Reached skill level 1 in Dodging
  4690 | D:5      | 4690 ||| DROPPING ring of flight.
  4691 | D:5      | 4691 ||| READING 2 scrolls labelled GARAUR PIX.
  4692 | D:5      | 4692 ||| DROPPING scroll of noise.
  4745 | D:6      | 4745 ||| Stepping ~*~*~tactically~*~*~ (hiding).
  5006 | D:6      | 5006 ||| DRINKING 2 potions of curing.
  5006 | D:6      | 5006 ||| (to cure confusion)
  5107 | D:6      | 5107 ||| Stepping ~*~*~tactically~*~*~ (stealth).
  5109 | D:6      | 5109 ||| Stepping ~*~*~tactically~*~*~ (hiding).
  5110 | D:6      | 5110 ||| Stepping ~*~*~tactically~*~*~ (hiding).
  5115 | D:6      | 5115 ||| DRINKING potion of curing.
  5115 | D:6      | 5115 ||| (to cure confusion)
  5398 | D:6      | 5398 ||| READING 2 scrolls of identify.
  5398 | D:6      | 5398 ||| IDENTIFYING murky green potion
  5399 | D:6      | 5399 ||| DRINKING potion of experience.
  5399 | D:6      | Reached skill level 13 in Armour
  5399 | D:6      | Reached XP level 9. HP: 54/54 MP: 9/9
  5552 | D:7      | Found a staircase to the Ecumenical Temple.
  5553 | D:7      | 5553 ||| PLANNING TEMPLE
  5561 | Temple   | Entered the Ecumenical Temple
  5733 | Temple   | 5733 ||| PLANNING D:1-11
  5904 | D:7      | Reached skill level 6 in Fighting
  6050 | D:7      | Reached XP level 10. HP: 59/60 MP: 10/10
  6066 | D:7      | Found a white marble altar of Elyvilon.
  6359 | D:7      | Found a runed translucent door.
  6485 | D:7      | 6485 ||| UPGRADING to +1 pair of boots.
  6490 | D:7      | 6490 ||| DROPPING +0 hat of intelligence.
  6491 | D:7      | 6491 ||| UPGRADING to ring of resist corrosion.
  6492 | D:7      | 6492 ||| DRINKING 2 bubbling coppery potions.
  6803 | D:8      | Found an iron altar of Okawaru.
  6804 | D:8      | 6804 ||| PLANNING OKAWARU WORSHIP
  6804 | D:8      | 6804 ||| UPGRADING to amulet of faith.
  6809 | D:8      | 6809 ||| READING 2 scrolls of identify.
  6809 | D:8      | 6809 ||| IDENTIFYING bubbling green potion
  6817 | D:8      | Became a worshipper of Warmaster Okawaru
  6818 | D:8      | 6818 ||| PLANNING D:1-11
  6943 | D:8      | 6943 ||| DRINKING 3 clear potions.
  7015 | D:8      | Found a staircase to the Lair.
  7022 | D:8      | HP: 13/60 [wyvern (9)]
  7023 | D:8      | 7023 ||| READING scroll of teleportation.
  7024 | D:8      | 7024 ||| DRINKING 2 potions of heal wounds.
  7149 | D:8      | 7149 ||| PLANNING LAIR
  7211 | D:8      | 7211 ||| Stepping ~*~*~tactically~*~*~ (hiding).
  7224 | D:8      | HP: 15/60 [wight/+1 trident of freezing (1)]
  7225 | D:8      | 7225 ||| DRINKING potion of heal wounds.
  7228 | D:8      | Reached skill level 9 in Axes
  7228 | D:8      | HP: 2/60 [wight/+1 morningstar of protection (9)]
  7229 | D:8      | Mangled by a wight

Levels and vault maps discovered:
D:1:      lightli_arrival_windingriver, layout_loops_corners,
          minmay_misc_feat_cross
D:2:      cheibrodos_old_hovel, layout_basic, minmay_box_of_dots, uniq_terence
D:3:      layout_basic, grunt_ministairs_14, uniq_robin, uniq_jessica
D:4:      layout_basic, serial_shops, shop_statue, hex_large, uniq_ijyb,
          uniq_edmund
D:5:      layout_basic, mainiacjoe_overflow_24_doors
D:6:      layout_cave_pools
D:7:      layout_cave_pods, elyvilon_altar_4, minmay_temple_entry_sparse_star,
          enter_bailey_8, lightli_church_of_beogh
D:8:      old_forge, layout_loops_cross, okawaru_metal_pillars_1_2,
          grunt_temple_overflow_holy_war, minmay_lair_entry_grove,
          roderic_lattice_a
D:9:      layout_gridville, lemuel_doored_altar, lemuel_coloured_pillars_altar,
          serial_shops, kennysheep_mini_moat, uniq_maggie
Temple:   minmay_temple_bridge_abc

Skill      XL: |  1  2  3  4  5  6  7  8  9 10 |
---------------+-------------------------------+-----
Axes           | 2 3 4 5 6 7 8 9 |  9.1
Throwing       | 1 2 |  2.0
Fighting       | 4 5 6 |  6.0
Armour         | 4 13 | 13.7
Dodging        | 1 |  1.2
Shields        | |  3.2

Action                     |  1- 3 |  4- 6 |  7- 9 | 10-12 || total
---------------------------+-------+-------+-------+-------++-------
  Melee: War axe           |   108 |   144 |   153 |    38 ||   443
  Throw: Javelin           |       |    52 |    44 |     2 ||    98
         Boomerang         |       |       |    13 |       ||    13
    Use: Scroll            |     3 |     7 |     4 |     2 ||    16
         Potion            |       |     3 |     4 |     4 ||    11
 Armour: Scale mail        |    48 |    18 |       |       ||    66
         Plate armour      |       |    74 |   113 |    67 ||   254
  Dodge: Dodged            |    49 |    45 |    62 |    31 ||   187
  Block: Buckler           |    23 |    21 |    39 |    19 ||   102

Table legend:
 A = Non-vault XP
 B = Vault XP
 C = Vault XP percentage of total XP
 D = Non-vault monster count
 E = Vault monster count
 F = Vault count percentage of total count
                 A         B        C        D         E       F
            +---------+---------+-------+---------+---------+-------
      Total |    2573 |    1371 |  34.8 |     143 |      27 |  15.9
            +---------+---------+-------+---------+---------+-------
        D:1 |      47 |       0 |   0.0 |      28 |       0 |   0.0
        D:2 |      34 |      36 |  51.4 |      20 |       3 |  13.0
        D:3 |      53 |      90 |  62.9 |      23 |      16 |  41.0
        D:4 |     345 |     200 |  36.7 |      26 |       2 |   7.1
        D:5 |     637 |       0 |   0.0 |      16 |       0 |   0.0
        D:6 |     525 |       0 |   0.0 |      16 |       0 |   0.0
        D:7 |     778 |       0 |   0.0 |      11 |       0 |   0.0
        D:8 |     154 |    1045 |  87.2 |       3 |       6 |  66.7
            +---------+---------+-------+---------+---------+-------
